 Dungeon Crawl Stone Soup version bcrawl-1.38.1 (webtiles) character file.

Game seed: 5289812357500616680

314690 petercordia3 the Spear-Bearer (level 11, -1/87 HPs)
             Began as a Formicid Chaos Knight on Apr 5, 2023.
             Was a Follower of Ru.
             Slain by an ettin (26 damage)
             ... on level 1 of the Lair of Beasts.
             The game lasted 00:41:57 (11840 turns).

petercordia3 the Spear-Bearer (FoCK)               Turns: 11840, Time: 00:41:58

Health: -1/87      AC: 22    Str: 21    XL:     11   Next: 87%
Magic:  9/13       EV:  7    Int: 13    God:    Ru [*.....]
Gold:   899        SH:  0    Dex: 10    Spells: 10/10 levels left

rFire    . . .     GDR:     29% a - +0 spear (chaos)
rCold    . . .     SeeInvis +   (no shield)
rNeg     . . .     Gourm    .   G - +1 crystal plate armour
rPois    .         Faith    +   (helmet unavailable)
rElec    .         Spirit   .   (no cloak)
rCorr    .         Reflect  .   w - +1 pair of gloves
MR       .....                  (no boots)
Stlth    ..........             H - amulet of faith
HPRegen  0.24/turn              I - ring of teleportation (curse)
MPRegen  0.13/turn              (no ring)

@: no status effects
A: permanent stasis, dig shafts and tunnels, four strong arms, antennae 3, fangs
1, repulsion field 1, screaming 1, strong 1, evolution 1, magic vulnerability 1,
MP-powered wands
a: Dig, Shaft Self, Renounce Religion


You were on level 1 of the Lair of Beasts.
You worshipped Ru.
Ru was aware of your devotion.
You were hungry.

You visited 2 branches of the dungeon, and saw 12 of its levels.
You visited the Abyss 1 time.
You also visited: Sewer.

You collected 945 gold pieces.
You spent 46 gold pieces at shops.

Inventory:

Hand Weapons
 a - a +0 spear of chaos (weapon)
 c - a +0 halberd
 u - a +2 trident of distortion
Missiles
 f - 2158 stones
 j - 109 poisoned tomahawks (quivered)
 n - 237 bolts
 t - 491 sling bullets
 x - 129 javelins
 z - 1000 arrows
 B - 98 poisoned needles
Armour
 b - a +3 leather armour
 m - a +4 ring mail
 v - +0 steam dragon scales
 w - a +1 pair of gloves (worn)
 C - a +2 ring mail of poison resistance
 G - a +1 crystal plate armour (worn)
Jewellery
 H - an amulet of faith (around neck)
 I - a cursed ring of teleportation (left hand)
 J - an uncursed amulet of the acrobat {unknown}
 K - an uncursed amulet of guardian spirit {unknown}
Wands
 k - a wand of flame (14)
 A - a wand of polymorph (6)
Scrolls
 d - 3 scrolls of noise
 i - a scroll of vulnerability
 l - 2 scrolls of enchant weapon
 o - a scroll of remove curse
 p - 4 scrolls of amnesia
 s - a scroll of fear
 y - 5 scrolls of immolation
 F - 2 scrolls of magic mapping
Potions
 g - 2 potions of heal wounds
 h - 3 potions of curing
 q - a potion of agility
 r - a potion of mutation
 E - 3 potions of flight {unknown}
Comestibles
 e - 11 rations {!d}


   Skills:
 + Level 8.9 Fighting
 * Level 13.2 Polearms
 + Level 7.6 Armour
 + Level 5.1 Dodging
 * Level 3.5 Evocations


You had 10 spell levels left.
You didn't know any spells.
Your spell library contained the following spells:

 Spells                   Type           Power        Failure   Level  Hunger
 Call Canine Familiar     Summ           #.......     100%        3    #####..
 Summon Ice Beast         Ice/Summ       #.......     100%        4    ######.
 Iskenderun's Battlesphe  Conj/Chrm      #.......     100%        5    #######
 Piercing Shot            Chrm           #.........   100%        5    #######
 Steam Barrier            Chrm/Fire      #.........   100%        5    #######
 Summon Mana Viper        Hex/Summ       #.......     100%        5    #######
 Summon Hydra             Summ           #.........   100%        6    #######
 Monstrous Menagerie      Summ           #.........   100%        7    #######
 Time Stop                Chrm/Tloc      N/A          100%        8    #######


Dungeon Overview and Level Annotations

Branches:
Dungeon (10/12)              Lair (2/6) D:9
 Temple: D:4-7        Swamp: Lair:2-4    Shoals: Lair:2-4     Snake: Lair:2-4
 Spider: Lair:2-4       Orc: D:8-11

Altars:
Dithmenos
Fedhas
Hepliaklqana
Nemelex Xobeh
Okawaru
Qazlal
Ru
Uskayaw
Yredelemnul

Shops:
D:8 }   D:9 %

Annotations:
D:7 Joseph


Innate Abilities, Weirdness & Mutations

You cannot be hasted, slowed, berserked, paralysed or teleported.
You can dig through walls and to a lower floor.
Your four strong arms can wield two-handed weapons with a shield.
You have a pair of large antennae on your head. (SInv)
You occasionally shout uncontrollably at your foes.
You are slightly vulnerable to magic. (MR-)
You have very sharp teeth.
You are surrounded by a mild repulsion field. (EV +2)
Your muscles are strong. (Str +2)
You evolve.
You expend magic power (3 MP) to strengthen your wands.


Message History

The hippogriff screeches!
There is a stone staircase leading up here.
The hippogriff bites you but does no damage.
The hippogriff pecks you but does no damage.
The hippogriff claws you but does no damage.
The ettin closely misses you. The ettin hits you but does no damage.
As you climb the stairs, a rune flashes!
You feel a strange sense of stasis.
You climb upwards.
There is a stone staircase leading down here.
The ettin hits you but does no damage. The ettin barely misses you.
The hippogriff bites you but does no damage.
The hippogriff pecks you.
The hippogriff claws you but does no damage.
The hippogriff flaps its wings!
Xom thinks this is hilarious!
The ettin hits you!
* * * LOW HITPOINT WARNING * * *
The ettin hits you!!
You die...
Xom guffaws!

.P###...# #........#
.## ##..# #...[....#
.P# #..# #........# .##
##..# #........# .##
#...## #..>.....#
..###....# ##........#
.#.P##..####....H....#
................C>...#
................@....##
.P####..##....####..#.#
### ##..####...# ######
# #P..# ##..## # ##..#
#P..# # #...# ##..## #
##..# #...# # #..#
#..## # ##..# #..#


You could see an ettin (invisible) and a hippogriff.

Vanquished Creatures
  2 two-headed ogres (D:8)
  A centaur warrior (D:9)
  Pikel (D:8)
  2 cane toads
  2 komodo dragons
  2 hippogriffs (Lair:1)
  9 blink frogs (Lair:1)
  A meliai zombie (D:5)
  A vampire mosquito (D:8)
  A water moccasin (Lair:1)
  A crocodile (Lair:1)
  An orc warrior (D:5)
  A hornet zombie (D:9)
  4 ice beasts
  A sky beast (D:6)
  A black bear (D:8)
  A phantom (D:4)
  An ogre (D:8)
  6 bullfrogs
  3 centaurs
  2 scorpions
  9 wights
  2 electric eels (D:3)
  3 orc priests (D:5)
  A quasit (D:8)
  A crimson imp (D:6)
  2 bullfrog zombies (D:5)
  3 jellies
  3 bullfrog skeletons
  7 hounds
  4 orc wizards
  3 iguanas
  3 worker ants
  2 killer bee zombies (D:5)
  2 hound skeletons (D:5)
  3 worker ant zombies
  3 gnolls
  A howler monkey skeleton (D:5)
  11 adders
  A shadow imp (D:8)
  4 adder skeletons
  5 adder zombies
  3 worms
  3 dart slugs
  3 leopard geckos
  26 orcs
  A ball python (shapeshifter) (D:3)
  8 giant cockroaches
  8 goblins
  5 hobgoblins
  18 jackals
  4 quokkas
  7 ball pythons
  4 bats
  4 frilled lizards
  14 kobolds
  A quokka zombie (D:5)
  10 rats
236 creatures vanquished.

Vanquished Creatures (collateral kills)
  A two-headed ogre (D:8)
  A blink frog (Lair:1)
  An adder (D:8)
3 creatures vanquished.

Vanquished Creatures (others)
  A steam dragon (D:6)
  An adder (Sewer)
  2 plants (D:9)
4 creatures vanquished.

Grand Total: 243 creatures vanquished

Notes
Turn   | Place    | Note
-------+----------+-------------------------------------------
     0 | D:1      | petercordia3 the Formicid Chaos Knight began the quest for
                  | the Orb.
     0 | D:1      | Reached XP level 1. HP: 18/18 MP: 1/1
   120 | D:1      | XOM: silly message
   214 | D:1      | Reached XP level 2. HP: 22/24 MP: 2/2
   313 | D:1      | Reached XP level 3. HP: 30/30 MP: 3/3
   374 | D:1      | XOM: cloud trail
   588 | D:1      | XOM: divination: detect items
  1366 | D:2      | Reached XP level 4. HP: 33/37 MP: 4/4
  1383 | D:2      | XOM: cloud trail
  1420 | D:2      | Reached skill level 4 in Polearms
  1508 | D:2      | Reached skill level 1 in Dodging
  1533 | D:2      | XOM: harmless Air miscast
  1862 | D:3      | Reached XP level 5. HP: 31/42 MP: 5/5
  2092 | D:3      | XOM: harmless Fire miscast
  2268 | D:3      | Found a transporter.
  2306 | D:3      | XOM: silly message
  2339 | D:3      | Found a shadowy altar of Dithmenos.
  2708 | D:3      | Found a transporter.
  2884 | D:3      | Reached XP level 6. HP: 28/49 MP: 6/6
  2944 | D:3      | Reached skill level 5 in Polearms
  3180 | D:4      | XOM: swap monsters
  3242 | D:4      | Noticed a phantom
  3370 | D:4      | Killed a phantom
  3371 | D:4      | Reached skill level 5 in Fighting
  3371 | D:4      | Reached XP level 7. HP: 40/56 MP: 7/7
  3479 | D:4      | XOM: smoke on damage
  3756 | D:5      | Entered Level 5 of the Dungeon
  3927 | D:5      | Reached skill level 6 in Polearms
  3928 | D:5      | XOM: harmless Chrm miscast
  3965 | D:5      | XOM: harmless Summ miscast
  3965 | D:5      | XOM: smoke on damage
  4134 | D:4      | XOM: noise
  4299 | D:5      | Reached XP level 8. HP: 37/63 MP: 8/8
  4422 | D:5      | Found a sacrificial altar of Ru.
  4422 | D:5      | Found a basalt altar of Yredelemnul.
  4426 | D:5      | Fell from the grace of Xom
  4426 | D:5      | Became a worshipper of Ru the Awakened
  4459 | D:5      | XOM: mild Necr miscast
  4470 | D:5      | Reached skill level 7 in Polearms
  4525 | D:5      | XOM: mild Conj miscast
  4541 | D:5      | XOM: give mutations
  4541 | D:5      | Gained mutation: Your mind is acute. (Int +2) [Xom's
                  | mischief]
  4541 | D:5      | Gained mutation: Armour fits poorly on your strangely
                  | shaped body. [Xom's mischief]
  4541 | D:5      | Lost mutation: Your mind is acute. (Int +2) [Xom's
                  | mischief]
  4976 | D:6      | Found a hide-covered altar of Uskayaw.
  4978 | D:6      | Found an iron altar of Okawaru.
  4995 | D:6      | XOM: mild Hex miscast
  5026 | D:6      | Found a glowing drain.
  5049 | Sewer    | Entered a sewer
  5175 | Sewer    | XOM: destruction
  5250 | Sewer    | XOM: confuse monster(s)
  5254 | Sewer    | Reached skill level 8 in Polearms
  5349 | Sewer    | Cast into level 1 of the Abyss (a distortion unwield)
  5396 | Sewer    | Escaped the Abyss
  5589 | D:6      | XOM: smoke on damage
  5674 | D:6      | Reached XP level 9. HP: 37/69 MP: 9/9
  5690 | D:6      | XOM: confuse monster(s)
  5869 | D:6      | XOM: harmless Summ miscast
  5870 | D:6      | XOM: silly message
  5905 | D:5      | XOM: silly message
  5962 | D:6      | XOM: cast spell 'Summon Butterflies'
  5980 | D:6      | Reached skill level 5 in Armour
  6060 | D:6      | XOM: enchant monster (good)
  6092 | D:5      | XOM: god gift: scroll of teleportation
  6181 | D:5      | XOM: torment (18/71 hp)
  6317 | D:6      | Gained mutation: You are slightly vulnerable to magic.
                  | (MR-) [Ru sacrifice]
  6317 | D:6      | Reached * piety under Ru
  6360 | D:6      | Found a blossoming altar of Fedhas.
  6376 | D:6      | Found a hazy altar of Hepliaklqana.
  6420 | D:6      | XOM: silly message
  6433 | D:6      | XOM: harmless Tmut miscast
  6923 | D:7      | Noticed Joseph
  7051 | D:6      | Lost mutation: Armour fits poorly on your strangely shaped
                  | body. [potion of mutation]
  7051 | D:6      | Gained mutation: You are somewhat resistant to further
                  | mutation. [potion of mutation]
  7051 | D:6      | Gained mutation: You are dopey. (Int -2) [potion of
                  | mutation]
  7051 | D:6      | Gained mutation: You are clumsy. (Dex -2) [potion of
                  | mutation]
  7051 | D:6      | Gained mutation: You are partially covered in rugged brown
                  | scales. (AC +1, +3% HP) [potion of mutation]
  7065 | D:6      | Reached skill level 9 in Polearms
  7112 | D:6      | XOM: god gift: pair of gloves {god gift}
  7150 | D:6      | XOM: god gift: ration
  7310 | D:7      | Noticed a five-headed hydra
  7325 | D:7      | XOM: enchant monster (good)
  7402 | D:8      | XOM: harmless Conj miscast
  7559 | D:8      | XOM: harmless Conj miscast
  7585 | D:8      | Noticed a two-headed ogre
  7587 | D:8      | XOM: cast spell 'Alistair's Intoxication'
  7590 | D:8      | XOM: confuse monster(s)
  7596 | D:8      | XOM: enchant monster (good)
  7608 | D:8      | Killed a two-headed ogre
  7609 | D:8      | Reached skill level 10 in Polearms
  7609 | D:8      | Reached XP level 10. HP: 27/81 MP: 10/10
  7755 | D:8      | Noticed a two-headed ogre
  7762 | D:8      | XOM: medium Hex miscast
  7773 | D:8      | XOM: cast spell 'Steam Barrier'
  7775 | D:8      | XOM: enchant monster (good)
  7785 | D:8      | Killed a two-headed ogre
  7965 | D:8      | Reached skill level 11 in Polearms
  8018 | D:8      | Noticed a two-headed ogre
  8052 | D:8      | XOM: cast spell 'Alistair's Intoxication'
  8075 | D:8      | XOM: confuse monster(s)
  8101 | D:8      | XOM: summons 4 friendly demons
  8116 | D:8      | Killed a two-headed ogre
  8150 | D:8      | XOM: enchant monster (good)
  8181 | D:8      | XOM: cast spell 'Summon Scorpions'
  8225 | D:8      | Found a stormy altar of Qazlal.
  8253 | D:8      | XOM: medium Ice miscast
  8292 | D:8      | XOM: noise
  8336 | D:8      | XOM: enchant monster (bad)
  8766 | D:8      | Noticed Pikel
  8781 | D:8      | Killed Pikel
  8782 | D:8      | Reached skill level 5 in Dodging
  8782 | D:8      | Reached XP level 11. HP: 27/88 MP: 11/11
  9039 | D:8      | XOM: summons 2 hostile demons
  9231 | D:8      | Found Etwaxoz's Gadget Boutique.
  9239 | D:8      | Bought a wand of polymorph (8) for 46 gold pieces
  9297 | D:8      | XOM: medium Necr miscast
  9302 | D:8      | XOM: fog
  9326 | D:8      | Reached skill level 12 in Polearms
  9608 | D:9      | Found Monasorr's Food Shoppe.
  9628 | D:9      | XOM: summons 1 hostile demon
  9641 | D:9      | Reached skill level 1 in Evocations
  9842 | D:9      | Found a sparkling altar of Nemelex Xobeh.
  9891 | D:9      | Found a staircase to the Lair.
  9925 | D:9      | Lost mutation: You are clumsy. (Dex -2) [potion of
                  | mutation]
  9925 | D:9      | Lost mutation: You are dopey. (Int -2) [potion of mutation]
  9925 | D:9      | Lost mutation: You are somewhat resistant to further
                  | mutation. [potion of mutation]
  9925 | D:9      | Gained mutation: You are frail. (-10% HP) [potion of
                  | mutation]
  9925 | D:9      | Gained mutation: You are clumsy. (Dex -2) [potion of
                  | mutation]
  9926 | D:9      | Lost mutation: You are partially covered in rugged brown
                  | scales. (AC +1, +3% HP) [potion of mutation]
  9926 | D:9      | Lost mutation: You are clumsy. (Dex -2) [potion of
                  | mutation]
  9926 | D:9      | Lost mutation: You are frail. (-10% HP) [potion of
                  | mutation]
  9926 | D:9      | Gained mutation: You are somewhat resistant to further
                  | mutation. [potion of mutation]
 10062 | D:9      | Noticed a centaur warrior
 10078 | D:9      | XOM: divination: detect items
 10086 | D:9      | XOM: summons friendly crimson imp
 10092 | D:9      | Killed a centaur warrior
 10237 | D:9      | XOM: give mutations
 10237 | D:9      | Gained mutation: You are surrounded by a mild repulsion
                  | field. (EV +2) [Xom's grace]
 10237 | D:9      | Gained mutation: Your muscles are strong. (Str +2) [Xom's
                  | grace]
 10265 | D:9      | Gained mutation: You occasionally shout uncontrollably at
                  | your foes. [Ru sacrifice]
 10378 | D:10     | Entered Level 10 of the Dungeon
 10392 | D:10     | XOM: god gift: 19 gold pieces
 10406 | D:10     | Noticed a centaur warrior
 10408 | D:10     | Noticed a death knight
 10408 | D:10     | Noticed a two-headed ogre
 10412 | D:10     | XOM: divination: detect creatures
 10534 | D:9      | XOM: give mutations
 10534 | D:9      | Gained mutation: You expend magic power (3 MP) to
                  | strengthen your wands. [Xom's grace]
 10534 | D:9      | Gained mutation: You have very sharp teeth. [Xom's grace]
 10534 | D:9      | Lost mutation: You are somewhat resistant to further
                  | mutation. [Xom's grace]
 10534 | D:9      | Gained mutation: You evolve. [Xom's grace]
 10536 | Lair:1   | Entered Level 1 of the Lair of Beasts
 10551 | Lair:1   | XOM: confuse monster(s)
 10553 | Lair:1   | XOM: cast spell 'Necromutation'
 10561 | Lair:1   | XOM: divination: detect items
 10642 | Lair:1   | XOM: mild Summ miscast
 10782 | Lair:1   | XOM: enchant monster (good)
 10844 | Lair:1   | XOM: god gift: scale mail {god gift}
 10952 | Lair:1   | XOM: smoke on damage
 10954 | Lair:1   | XOM: confuse monster(s)
 11192 | Lair:1   | XOM: confuse monster(s)
 11196 | Lair:1   | Reached skill level 13 in Polearms
 11197 | Lair:1   | XOM: divination: magic mapping
 11198 | Lair:1   | XOM: summons 5 friendly demons
 11667 | Lair:1   | XOM: cloud trail
 11711 | Lair:1   | XOM: polymorph rime drake -> adder
 11814 | Lair:2   | Noticed a six-headed hydra
 11821 | Lair:2   | XOM: divination: detect creatures
 11822 | Lair:2   | Noticed an ettin
 11822 | Lair:2   | a six-headed hydra changed into an ettin
 11840 | Lair:1   | Slain by an ettin

Skill      XL: |  1  2  3  4  5  6  7  8  9 10 11 |
---------------+----------------------------------+-----
Fighting       | 4 5 6 7 8 |  8.9
Polearms       | 4 5 6 8 10 11 13 | 13.2
Dodging        | 1 2 3 4 5 |  5.1
Armour         | 3 4 5 6 7 |  7.6
Evocations     | 3 |  3.5

Action                   |  1- 3 |  4- 6 |  7- 9 | 10-12 || total
-------------------------+-------+-------+-------+-------++-------
Melee: Spear             |   106 |   169 |       |    10 ||   285
       Trident           |       |    46 |   443 |   107 ||   596
       Halberd           |       |       |       |   290 ||   290
       Bite              |       |       |       |     9 ||     9
Throw: Stone             |       |     1 |       |       ||     1
       Tomahawk          |       |       |     3 |     7 ||    10
Invok: Sacrifice Essence |       |       |     1 |       ||     1
       Sacrifice Purity  |       |       |       |     1 ||     1
 Abil: Dig               |       |       |     4 |       ||     4
Evoke: Wand              |       |     2 |     6 |     2 ||    10
  Use: Scroll            |     3 |       |     8 |     4 ||    15
       Potion            |       |       |    10 |     3 ||    13
 Stab: Paralysed         |     2 |     1 |       |       ||     3
       Confused          |       |     1 |       |     7 ||     8
       Distracted        |       |       |       |     1 ||     1
       Petrifying        |       |       |       |     1 ||     1
  Eat: Chunk             |     4 |    11 |    20 |    13 ||    48
       Ration            |       |       |     1 |     2 ||     3
Armor: Leather armour    |    19 |    52 |    48 |       ||   119
       Ring mail         |       |       |   101 |    59 ||   160
       Skin              |       |       |       |     7 ||     7
       Crystal plate arm |       |       |       |    70 ||    70
Dodge: Dodged            |    43 |   122 |   276 |   129 ||   570
